 Dungeon Crawl Stone Soup version 0.31-a0-819-gf6de2f5ab6 (webtiles) character file.

Game seed: 9120256764576419822

558 qw the Shooter (level 7, 0/43 HPs)
             Began as a Gargoyle Hunter on Sept 23, 2023.
             Slain by a lemure (4 damage)
             ... led by Pikel
             ... on level 4 of the Dungeon.
             The game lasted 00:01:14 (3044 turns).

qw the Shooter (Gargoyle Hunter)                    Turns: 3044, Time: 00:01:14

Health: 0/43       AC: 11    Str: 15    XL:     7   Next: 31%
Magic:  7/7        EV: 11    Int:  9    God:
Gold:   133        SH:  0    Dex: 15    Spells: 6/6 levels left

rFire   . . .        h - +0 shortbow
rCold   + . .        (shield currently unavailable)
rNeg    + . .        e - +0 ring mail
rPois   inf          (no helmet)
rElec   +            (no cloak)
rCorr   .            (no gloves)
SInv    +            k - +0 pair of boots
Will    .....        (no amulet)
Stlth   +            d - ring of see invisible
HPRegen 0.27/turn    i - ring of protection from cold
MPRegen 0.10/turn

%: no passive effects
@: no status effects
A: sickness immunity, AC +4, negative energy resistance 1, electricity
resistance, torment resistance 1, petrification resistance
a: no special abilities


You were on level 4 of the Dungeon.
You visited 1 branch of the dungeon, and saw 4 of its levels.

You collected 183 gold pieces.
You spent 50 gold pieces at shops.


Innate Abilities, Weirdness & Mutations

You are immune to sickness and miasma.
Your stone body is resilient. (AC +4)
You are immune to poison.
You resist negative energy. (rN+)
You are resistant to electric shocks. (rElec)
You are resistant to unholy torment.
You are immune to petrification.


   Skills:
 - Level 4.0 Fighting
 + Level 7.8 Ranged Weapons
 - Level 1.4 Armour
 - Level 1.5 Dodging
 - Level 1.1 Stealth


You had 6 spell levels left.
You didn't know any spells.
Your spell library was empty.

Inventory:

Hand Weapons
 h - a +0 shortbow (weapon)
Armour
 e - a +0 ring mail (worn)
 k - a +0 pair of boots (worn)
Jewellery
 d - a ring of see invisible (left hand)
 g - a ring of protection from fire
 i - a ring of protection from cold (right hand)
 j - a ring of resist corrosion
 Y - a +6 ring of strength
Scrolls
 m - a scroll of identify
 n - a scroll of blinking {unknown}
Potions
 a - a potion of enlightenment
 b - a potion of mutation {unknown}
 c - a potion of heal wounds {unknown}
 f - a potion of resistance {unknown}
 l - a potion of degeneration {unknown}

Dungeon Overview and Level Annotations

Branches:
Dungeon (4/15)
 Temple: D:4-7

Altars:
Qazlal
Yredelemnul

Shops:
D:2 !


Message History

The lemure hits you! The lemure completely misses you. The lemure hits you.
The lemure closely misses you.
You shoot an arrow. The arrow hits the lemure.
The lemure is heavily wounded.
The lemure completely misses you. The lemure barely misses you.
You shoot an arrow. The arrow hits the lemure.
The lemure is heavily wounded.
The lemure closely misses you. The lemure hits you but does no damage.
You shoot an arrow. The arrow closely misses the lemure.
The lemure hits you. The lemure closely misses you.
You shoot an arrow. The arrow closely misses the lemure.
The lemure hits you but does no damage. x2
You shoot an arrow.
The arrow hits the lemure but does no damage.
The lemure is heavily wounded.
The lemure hits you! The lemure barely misses you.
You shoot an arrow. The arrow hits the lemure!
The lemure is severely wounded.
The lemure closely misses you. The lemure hits you but does no damage.
You shoot an arrow. The arrow misses the lemure.
The lemure barely misses you. The lemure hits you but does no damage.
You shoot an arrow. The arrow hits the lemure.
The lemure is almost dead.
The lemure hits you. x2; The lemure hits you but does no damage.
The lemure barely misses you.
You shoot an arrow. The arrow hits the lemure.
You kill the lemure!
That felt strangely unrewarding.
The lemure barely misses you.
You shoot an arrow.
The arrow hits the lemure but does no damage.
The lemure hits you but does no damage.
You shoot an arrow. The arrow hits the lemure!
The lemure is moderately wounded.
The lemure barely misses you.
You shoot an arrow.
The arrow hits the lemure but does no damage.
The lemure is moderately wounded.
The lemure hits you.
You die...

........##.#.
......%.............
.....#.............##
..#..#..............#
..##................##
.....##..............##
.....##.....).........#.
.....##.#...............
.......##.......@.......
.......#.....#.##5......
.#.....#....##.# .......
.###........##.# .......
#.....>........# ..<....
#....##....>.... .......
..#..#..................
###.....................
##...............


You could see a lemure.

Vanquished Creatures
  Sigmund (D:2)
  Menkaure (D:4)
  A lemure (D:4)
  Blork the orc (D:4)
  A jelly (D:4)
  An orc priest (D:3)
  An orc wizard (D:3)
  A hound zombie (D:3)
  2 adders (D:2)
  An adder zombie (D:3)
  2 worms (D:2)
  A dart slug (D:1)
  7 orcs
  9 endoplasms
  3 giant cockroaches
  9 goblins
  8 hobgoblins
  9 kobolds
  2 quokkas
  3 ball pythons (D:1)
  8 frilled lizards
  A jackal zombie (D:3)
  4 rats
77 creatures vanquished.

Notes
Turn   | Place    | Note
-------+----------+-------------------------------------------
     0 | D:1      | qw the Gargoyle Hunter began the quest for the Orb.
     0 | D:1      | Reached XP level 1. HP: 12/12 MP: 1/1
     0 | D:1      | 0 ||| qw: Version: 0.3-a-83-gcd0e7d8
     0 | D:1      | 0 ||| qw: Game counter: 1379
     0 | D:1      | 0 ||| qw: Melee chars always use a shield: true
     0 | D:1      | 0 ||| qw: God list: Okawaru
     0 | D:1      | 0 ||| qw: Allow faded altars: false
     0 | D:1      | 0 ||| qw: Do Orc after clearing Dungeon:15 true
     0 | D:1      | 0 ||| qw: Do second Lair branch before Depths: true
     0 | D:1      | 0 ||| qw: Lair rune preference: random
     0 | D:1      | 0 ||| qw: Goals: Normal
     0 | D:1      | 0 ||| PLANNING D:1-11
    32 | D:1      | Reached XP level 2. HP: 17/17 MP: 2/2
   270 | D:1      | You fall into a shaft and drop 1 floor!
   275 | D:2      | Reached XP level 3. HP: 21/21 MP: 3/3
   332 | D:2      | Reached skill level 5 in Ranged Weapons
   582 | D:2      | 582 ||| UPGRADING to ring of protection from cold.
   583 | D:2      | 583 ||| UPGRADING to +6 ring of strength.
   584 | D:2      | 584 ||| READING scroll labelled NODIENWI XEMA.
   588 | D:2      | 588 ||| READING scroll labelled VOFFU HORGH.
   589 | D:2      | 589 ||| READING scroll labelled ZUTIER CAGE.
   590 | D:2      | 590 ||| DRINKING 2 amethyst potions.
   591 | D:2      | 591 ||| DROPPING scroll of butterflies.
   643 | D:2      | Found Kounoiri's Distillery.
   656 | D:2      | 656 ||| FLEEEEING.
   656 | D:2      | Noticed Sigmund
   657 | D:2      | 657 ||| STAIRDANCE
   713 | D:1      | Reached skill level 3 in Fighting
   827 | D:1      | Reached XP level 4. HP: 28/28 MP: 4/4
   965 | D:2      | 965 ||| DRINKING potion of curing.
   965 | D:2      | 965 ||| (to cure confusion)
   970 | D:2      | Killed Sigmund
   971 | D:2      | Reached skill level 6 in Ranged Weapons
   971 | D:2      | Reached XP level 5. HP: 10/32 MP: 5/5
   975 | D:2      | Reached XP level 6. HP: 13/37 MP: 6/6
   975 | D:2      | 975 ||| STAIRDANCE
  1068 | D:2      | 1068 ||| STAIRDANCE
  1072 | D:2      | 1072 ||| STAIRDANCE
  1076 | D:2      | 1076 ||| STAIRDANCE
  1080 | D:2      | 1080 ||| STAIRDANCE
  1084 | D:2      | 1084 ||| STAIRDANCE
  1088 | D:2      | 1088 ||| STAIRDANCE
  1092 | D:2      | 1092 ||| STAIRDANCE
  1096 | D:2      | 1096 ||| STAIRDANCE
  1100 | D:2      | 1100 ||| STAIRDANCE
  1104 | D:2      | 1104 ||| STAIRDANCE
  1108 | D:2      | 1108 ||| STAIRDANCE
  1112 | D:2      | 1112 ||| STAIRDANCE
  1116 | D:2      | 1116 ||| STAIRDANCE
  1120 | D:2      | 1120 ||| STAIRDANCE
  1124 | D:2      | 1124 ||| STAIRDANCE
  1128 | D:2      | 1128 ||| STAIRDANCE
  1132 | D:2      | 1132 ||| STAIRDANCE
  1136 | D:2      | 1136 ||| STAIRDANCE
  1199 | D:2      | 1199 ||| BUYING potion of enlightenment (50 gold).
  1199 | D:2      | Bought a potion of enlightenment for 50 gold pieces
  1199 | D:2      | 1199 ||| SHOPLISTING potion of heal wounds (50 gold, have
                  | 26).
  1199 | D:2      | 1199 ||| SHOPLISTING potion of mutation (80 gold, have 26).
  1199 | D:2      | 1199 ||| SHOPLISTING potion of resistance (100 gold, have
                  | 26).
  1461 | D:2      | 1461 ||| UPGRADING to ring of see invisible.
  1463 | D:2      | 1463 ||| UPGRADING to ring of protection from cold.
  2298 | D:3      | Noticed a fire elemental
  2299 | D:3      | Found a stormy altar of Qazlal.
  2301 | D:3      | Noticed a water elemental
  2301 | D:3      | Noticed an air elemental
  2330 | D:3      | Found a basalt altar of Yredelemnul.
  2489 | D:3      | 2489 ||| UPGRADING to +0 ring mail.
  2499 | D:3      | 2499 ||| DROPPING +0 leather armour.
  2500 | D:3      | 2500 ||| UPGRADING to +0 pair of boots.
  2639 | D:4      | Reached skill level 1 in Armour
  2687 | D:4      | Noticed Blork the orc
  2701 | D:4      | Killed Blork the orc
  2702 | D:4      | Reached skill level 7 in Ranged Weapons
  2845 | D:4      | Noticed Menkaure
  2854 | D:4      | Killed Menkaure
  2855 | D:4      | Reached XP level 7. HP: 17/43 MP: 7/7
  3040 | D:4      | HP: 9/43 [lemure[Pikel] (4)]
  3040 | D:4      | HP: 3/43 [lemure[Pikel] (6)]
  3044 | D:4      | Slain by a lemure

Levels and vault maps discovered:
D:1:      elethiomel_arrival_shortcut, layout_rooms, minivault_24, st_stairs_11,
          nrook_campfire, minivault_4
D:2:      layout_loops_ring, serial_shops, shop, uniq_sigmund
D:3:      layout_basic, nicolae_qazlal_style_of_elements,
          nicolae_yredelemnul_corpse_copse
D:4:      layout_cave_pools, uniq_menkaure, uniq_blork_the_orc, uniq_pikel

Skill      XL: |  1  2  3  4  5  6 |
---------------+-------------------+-----
Ranged Weapons | 5 6 7 |  7.8
Fighting       | 3 4 |  4.0
Armour         | 1 |  1.4
Dodging        | |  1.5
Stealth        | |  1.1

Action                     |  1- 3 |  4- 6 |  7- 9 || total
---------------------------+-------+-------+-------++-------
   Fire: Shortbow          |   116 |   147 |    22 ||   285
    Use: Scroll            |     3 |       |       ||     3
         Potion            |     1 |     1 |       ||     2
 Armour: Leather armour    |    16 |    23 |       ||    39
         Ring mail         |       |    19 |    17 ||    36
  Dodge: Dodged            |    21 |    36 |    16 ||    73

Table legend:
 A = Non-vault XP
 B = Vault XP
 C = Vault XP percentage of total XP
 D = Non-vault monster count
 E = Vault monster count
 F = Vault count percentage of total count
                 A         B        C        D         E       F
            +---------+---------+-------+---------+---------+-------
      Total |     262 |     536 |  67.2 |      67 |       9 |  11.8
            +---------+---------+-------+---------+---------+-------
        D:1 |      41 |       5 |  10.9 |      26 |       3 |  10.3
        D:2 |      54 |     226 |  80.7 |      16 |       1 |   5.9
        D:3 |     100 |      26 |  20.6 |      13 |       3 |  18.8
        D:4 |      67 |     279 |  80.6 |      12 |       2 |  14.3
            +---------+---------+-------+---------+---------+-------
